 Dungeon Sprint DCSS version 0.31-a0-1036-g31867e143a (webtiles) character file.

Game seed: 286105050653070388

714 Conn the Destroyer (level 7, 0/41 HPs)
             Began as an Octopode Fire Elementalist on Nov 19, 2023.
             Succumbed to a water moccasin's poison
             ... in the Dungeon (Sprint II: "The Violet Keep of Menkaure").
             The game lasted 00:03:05 (134 turns).

Conn the Destroyer (Octopode Fire Elementalist)      Turns: 134, Time: 00:03:05

Health: 0/41       AC:  1    Str:  8    XL:     7   Next: 69%
Magic:  1/18       EV: 15    Int: 17    God:
Gold:   243        SH:  0    Dex: 12    Spells: 12/22 levels left

rFire   . . .        (no weapon)
rCold   . . .        (no shield)
rNeg    . . .        (helmet restricted)
rPois   .            (no amulet)
rElec   .            (no ring)
rCorr   .            (no ring)
SInv    .            (no ring)
Will    .....        (no ring)
Stlth   +++++        (no ring)
HPRegen 0.26/turn    (no ring)
MPRegen 0.16/turn    (no ring)
                     (no ring)

%: no teleportation
@: lethally poisoned (0 -> -3)
A: almost no armour, amphibious, 8 rings, camouflage 1, gelatinous body 1,
nimble swimmer 1, tentacles, dopey 1
a: no special abilities


You were in the Dungeon.
You visited 1 branch You collected 243 gold pieces.

Inventory:

Potions
 a - 3 potions of magic


   Skills:
 + Level 6.4 Dodging
 - Level 7.1 Stealth
 * Level 8.0 Spellcasting
 * Level 8.5 Conjurations
 * Level 5.3 Hexes
 + Level 6.6 Fire Magic


You had 12 spell levels left.
You knew the following spells:

 Your Spells              Type           Power      Damage    Failure   Level
a - Foxfire               Conj/Fire      100%       2x1d9     1%          1
b - Scorch                Fire           58%        2d7       1%          2
c - Inner Flame           Hex/Fire       27%        N/A       2%          3
d - Flame Wave            Conj/Fire      32%        2d9       4%          4

Your spell library contained the following spells:

 Spells                   Type           Power      Damage    Failure   Level
 Volatile Blastmotes      Fire/Tloc      36%        2d13      9%          3


Dungeon Overview and Level Annotations

Branches:
Dungeon (1/1)

Altars:

Shops:
D [?![(:[[!((


Innate Abilities, Weirdness & Mutations

You cannot wear most types of armour.
You are amphibious.
You can wear up to eight rings at the same time.
Your skin changes colour to match your surroundings (Stealth+).
Your rubbery body absorbs attacks. (AC +1, EV +1)
You are camouflaged when in or above water. (Stealth+)
You have tentacles for arms and can constrict up to eight enemies at once.
You are dopey. (Int -2)


Message History

You feel very sick.
The water moccasin completely misses you.
Casting: Scorch (safe; 1% risk of failure)
Confirm with . or Enter, or press ? or * to list all spells.
You conjure some foxfire!
* * * LOW HITPOINT WARNING * * *
You feel very sick.
The water moccasin is no longer more vulnerable to fire.
The water moccasin barely misses you. x2
* * * LOW HITPOINT WARNING * * *
You feel very sick.
The foxfire hits the water moccasin!
The water moccasin is almost dead.
The foxfire hits the water moccasin.
You kill the water moccasin!
Your Spellcasting skill increases to level 8!
Your Hexes skill increases to level 5!
Unknown command.
Unknown command.
Unknown command.
Okay, then.
Unknown command.
Unknown command.
Okay, then.
* * * LOW HITPOINT WARNING * * *
You feel sick.
Blink to where?
Press: ? - help, Dir - move target Floosh!
As you read the scroll of blinking, it crumbles to dust.
* * * LOW HITPOINT WARNING * * *
You feel sick.
Unknown command.
Unknown command.
Unknown command.
* * * LOW HITPOINT WARNING * * *
You feel sick.
* * * LOW HITPOINT WARNING * * *
You feel sick.
You die...

∩.∩...#~#.†###.##
.⌠....+~'##.+.<.+
.#
......#~#.†###.##
... ▓▓▓▓###†##.#
#+# #...
h######~~###
#~~.. ##~3~#
~~~§~~ #+#~#
#~~§~~§
#~3##+##~~~§≈§
#~~~~~@~~~§§§
#+++#+++#~§§≈
≈≈≈≈○ §§
≈○≈≈≈○≈≈≈
+≈≈≈°≈8≈≈≈≈≈+
##≈≈≈≈≈≈≈≈≈##
##≈≈≈≈≈≈○##
####+####


You could see a neqoxec.

Vanquished Creatures
  3 neqoxecs (D)
  A water moccasin (D)
  4 scorpions (D)
8 creatures vanquished.

Vanquished Creatures (others)
  2 foxfires (D)
2 creatures vanquished.

Grand Total: 10 creatures vanquished

Notes
Turn   | Place    | Note
-------+----------+-------------------------------------------
     0 | D        | Conn the Octopode Fire Elementalist began the quest for the
                  | Orb.
     0 | D        | Reached XP level 1. HP: 11/11 MP: 3/3
     1 | D        | Noticed a scorpion
     1 | D        | Noticed a scorpion
     8 | D        | Killed a scorpion
     9 | D        | Reached XP level 2. HP: 17/17 MP: 4/7
     9 | D        | Reached XP level 3. HP: 21/21 MP: 4/8
     9 | D        | Reached XP level 4. HP: 27/27 MP: 5/10
     9 | D        | Noticed a scorpion
     9 | D        | Noticed a scorpion
    11 | D        | Killed a scorpion
    12 | D        | Reached skill level 5 in Stealth
    12 | D        | Reached XP level 5. HP: 31/31 MP: 6/12
    15 | D        | Reached skill level 5 in Spellcasting
    15 | D        | Reached skill level 5 in Conjurations
    15 | D        | Reached skill level 5 in Fire Magic
    19 | D        | Reached skill level 5 in Dodging
    19 | D        | Reached XP level 6. HP: 6/36 MP: 6/15
    47 | D        | Learned a level 2 spell: Scorch
    52 | D        | Learned a level 4 spell: Flame Wave
    56 | D        | Learned a level 3 spell: Inner Flame
   106 | D        | Noticed a neqoxec
   106 | D        | Noticed a neqoxec
   108 | D        | Noticed a neqoxec
   109 | D        | Gained mutation: You are dopey. (Int -2) [a neqoxec]
   112 | D        | Killed a neqoxec
   112 | D        | Killed a neqoxec
   112 | D        | Killed a neqoxec
   113 | D        | Reached XP level 7. HP: 18/41 MP: 0/18
   121 | D        | Found Ebbeep's Weapon Emporium.
   121 | D        | Found Nuoheed's Antique Armour Emporium.
   121 | D        | Found Sogo's Distillery.
   121 | D        | Found Vaomipt's Distillery.
   121 | D        | Found Extaemme's Antique Armour Shoppe.
   121 | D        | Found Igataole's Antique Weapon Emporium.
   121 | D        | Found Coleag's Book Shoppe.
   121 | D        | Found Edef's Antique Armour Shoppe.
   121 | D        | Found Polasm's Antique Weapon Shoppe.
   122 | D        | Found Fazoiluq's Magic Scroll Shoppe.
   122 | D        | Found Zoaxesav's Antique Armour Emporium.
   122 | D        | Noticed a polar bear
   122 | D        | Noticed a neqoxec
   130 | D        | Reached skill level 5 in Hexes
   131 | D        | Noticed an ice statue
   133 | D        | HP: 1/41 [poisoned by a water moccasin]
   134 | D        | Succumbed to a water moccasin's poison

Illustrated notes

Levels and vault maps discovered:
D:        the_violet_keep_of_menkaure [sprint2_stairs_cluster_1,
          sprint2_shoproom, sprint2_temple, sprint2_basic_supplies,
          sprint2_obstacle_2, sprint2_obstacle_3, sprint2_obstacle_4,
          sprint2_obstacle_1, sprint2_obstacle_6, sprint2_timed_cluster_1,
          sprint2_smallroom_cluster_1, sprint2_smallroom_final_cluster_1,
          sprint2_transparent_cluster_1, sprint2_second_timed_cluster_1,
          sprint2_sniper_area_1, sprint2_heavy_combat_area_1,
          sprint2_mutation_trap_area_1, sprint2_forest_area_1,
          sprint2_light_combat_area_1, sprint2_behind_water_1,
          sprint2_near_end_vault_1]

Skill      XL: |  1  2  3  4  5  6  7 |
---------------+----------------------+-----
Dodging        | 3 4 5 6 |  6.4
Stealth        | 4 5 7 |  7.1
Spellcasting   | 4 6 7 8 |  8.0
Conjurations   | 3 4 6 8 |  8.5
Fire Magic     | 4 5 6 |  6.6
Hexes          | 4 5 |  5.3

Action                     |  1- 3 |  4- 6 |  7- 9 || total
---------------------------+-------+-------+-------++-------
  Melee: Unarmed           |     4 |     9 |     1 ||    14
         Constrict         |     1 |     3 |       ||     4
         Tentacles         |     1 |     3 |       ||     4
   Cast: Inner Flame       |       |     3 |       ||     3
         Flame Wave        |       |     1 |       ||     1
         Foxfire           |       |       |     1 ||     1
         Scorch            |       |       |     1 ||     1
    Use: Potion            |     2 |     1 |     1 ||     4
         Scroll            |       |       |     1 ||     1
 Armour: Skin              |     1 |     8 |     2 ||    11
  Dodge: Dodged            |     2 |     6 |     5 ||    13

Table legend: (Time is in decaauts)
 A = Elapsed time spent in this place.
 B = Non-inter-level travel time spent in this place.
 C = Inter-level travel time spent in this place.
 D = Time resting spent in this place.
 E = Time spent auto-exploring this place.
 F = Levels seen in this place.
 G = Mean time per level.
                   A        B        C        D        E       F      G
               +--------+--------+--------+--------+--------+-----+--------+
         Total |    128 |    128 |      0 |     63 |      0 |   1 |  128.0 |
       Dungeon |    128 |    128 |      0 |     63 |      0 |   1 |  128.0 |
               +--------+--------+--------+--------+--------+-----+--------+

Top non-repeatable levels by time:
       D: 128 daAuts
